 Dungeon Crawl Stone Soup version 0.24.1-8-ga250c9d538 (webtiles) character file.

Game seed: 1746743107623848704, levelgen mode: deterministic

11956 Gogs the Cleaver (level 11, -1/101 HPs)
             Began as a Minotaur Berserker on May 2, 2020.
             Was a High Priest of Trog.
             Slain by a two-headed ogre
             ... wielding a +0 giant spiked club
              (5 damage)
             ... on level 13 of the Dungeon.
             The game lasted 01:06:41 (11617 turns).

Gogs the Cleaver (Minotaur Berserker)              Turns: 11617, Time: 01:06:41

Health: -1/101     AC: 18    Str: 25    XL:     11   Next: 56%
Magic:  13/13      EV:  5    Int:  4    God:    Trog [*****.]
Gold:   410        SH:  0    Dex: 10    Spells: 10/10 levels left

rFire    . . .     SeeInvis .   a - +2 broad axe (chop)
rCold    . . .     Gourm    .   J - +0 large shield
rNeg     . . .     Faith    .   C - +0 plate armour
rPois    .         Spirit   .   (helmet restricted)
rElec    .         Reflect  .   n - +0 cloak
rCorr    .         Harm     .   (no gloves)
MR       .....                  e - +1 pair of boots
Stlth    ..........             (no amulet)
HPRegen  0.26/turn              (no ring)
MPRegen  0.13/turn              (no ring)

@: confused, lethally poisoned (-1 -> -3)
A: retaliatory headbutt, horns 2
a: Berserk, Trog's Hand, Brothers in Arms, Renounce Religion


You were on level 13 of the Dungeon.
You worshipped Trog.
Trog was extremely pleased with you.
You were not hungry.

You visited 1 branch of the dungeon, and saw 13 of its levels.

You collected 625 gold pieces.
You spent 215 gold pieces at shops.

Inventory:

Hand Weapons
 a - a +2 broad axe of chopping (weapon)
 b - the +4 flail "Kunkeak" {crush, rElec rF++ rC- MP+9}
   (You found it on level 7 of the Dungeon)

   It inflicts extra damage upon your enemies.
   It greatly protects you from fire.
   It makes you vulnerable to cold.
   It insulates you from electricity.
   It affects your magic capacity (+9).
 w - a +0 hunting sling of flaming
Missiles
 g - 2 throwing nets
 h - 320 stones
 i - 81 bolts
 k - 12 javelins (quivered)
 l - 49 sling bullets
 s - 21 poisoned darts
 u - 216 arrows
 K - 6 curare-tipped darts
Armour
 e - a +1 pair of boots (worn)
 n - a +0 cloak (worn)
 C - a +0 plate armour (worn)
 J - a +0 large shield (worn)
Jewellery
 z - an uncursed ring of ice
 G - an uncursed ring of fire
Wands
 f - a wand of flame (30)
 B - a wand of disintegration (26)
 D - a wand of iceblast (23)
Scrolls
 o - 2 scrolls of identify
 q - 6 scrolls of remove curse
 r - 4 scrolls of teleportation
 x - 2 scrolls of blinking
 y - a scroll of fear
 E - a scroll of brand weapon
Potions
 d - a potion of brilliance
 j - 6 potions of heal wounds
 m - a potion of berserk rage {unknown}
 p - 4 potions of haste
 t - 2 potions of cancellation
 v - 3 potions of might
 A - 3 potions of resistance
 F - a potion of flight
 H - a potion of magic
 I - 2 potions of curing
 L - a potion of agility {unknown}
 M - a potion of invisibility {unknown}
Comestibles
 c - 9 rations


   Skills:
 + Level 10.4 Fighting
 * Level 13.9 Axes
 + Level 10.2 Armour
 - Level 2.1 Dodging
 + Level 8.5 Shields
 - Level 4.0 Evocations


You had 10 spell levels left.
You didn't know any spells.
Your spell library was empty.

Dungeon Overview and Level Annotations

Branches:
Dungeon (14/15)            Temple (0/1) D:7            Lair (0/6) D:8
    Orc (0/2) D:10
 Vaults: D:13-14

Altars:
Ashenzari
Cheibriados
Dithmenos
Elyvilon
Hepliaklqana
Nemelex Xobeh
Sif Muna
Trog
Vehumet
Yredelemnul

Shops:
D:4 [!   D:6 *   D:7 *   D:8 ?


Innate Abilities, Weirdness & Mutations

You reflexively headbutt those who attack you in melee.
You have a pair of horns on your head.


Message History

You are confused.
You feel sick.
You feel sick.
You bump into the rock wall.
You feel sick.
The two-headed ogre hits you with a +0 giant spiked club!
* * * LOW HITPOINT WARNING * * *
The two-headed ogre hits you but does no damage.
You're too confused!
You bump into the rock wall.
You hear some strange, mumbled words.
The two-headed ogre seems to speed up.
The two-headed ogre hits you but does no damage. x2
You're too confused to move!
You feel less confused.
You feel sick.
You hear some strange, mumbled words.
You are confused.
The two-headed ogre hits you but does no damage.
The two-headed ogre hits you with a +0 giant club.
You die...

#.......#
#.......
#.....
#.)<#
#..)#
#...#
#...#
#.O.#
#.@## #..#
#..# #..#
#..# #..#
#..####+##
#........#
#[.......#
.#


You could see a two-headed ogre.

Vanquished Creatures
  2 hydras
  An unseen horror (shapeshifter) (D:13)
  An unseen horror (D:10)
  An ugly thing (D:10)
  A manticore (D:11)
  2 trolls
  3 hippogriffs
  8 yaks
  A hungry ghost (D:11)
  4 water moccasins
  4 orc warriors
  3 black bears
  3 ice beasts
  3 phantoms
  10 ogres
  5 centaurs
  A gnoll sergeant (D:10)
  4 big kobolds
  8 bullfrogs
  4 scorpions
  3 wights (D:11)
  3 howler monkeys
  5 crimson imps
  A quasit (D:5)
  6 centaur skeletons
  5 orc priests
  7 hounds
  2 bullfrog skeletons
  4 jellies
  4 orc wizards
  Crazy Yiuf (D:2)
  Terence (D:2)
  Natasha (thrice) (D:4)
  5 iguanas
  6 worker ants
  A worker ant zombie (D:10)
  7 gnolls (D:7)
  10 adders
  2 shadow imps (D:5)
  An adder skeleton (D:4)
  2 adder zombies
  2 worms
  6 leopard geckos
  29 orcs
  A ball python (D:3)
  9 bats
  7 giant cockroaches
  4 hobgoblins
  3 jackals (D:7)
  5 quokkas
  12 frilled lizards
  A giant cockroach zombie (D:5)
  5 goblins
  14 kobolds
  10 rats
256 creatures vanquished.

Vanquished Creatures (collateral kills)
  A two-headed ogre (D:11)
  An orc warrior (D:10)
  2 ogres (D:10)
  A big kobold (D:10)
  An orc wizard (D:11)
  A gnoll (D:10)
  An orc (D:10)
8 creatures vanquished.

Grand Total: 264 creatures vanquished

Notes
Turn   | Place    | Note
-------+----------+-------------------------------------------
     0 | D:1      | Gogs the Minotaur Berserker began the quest for the Orb.
     0 | D:1      | Reached XP level 1. HP: 19/19 MP: 0/0
   369 | D:1      | Reached skill level 4 in Axes
   463 | D:1      | Reached XP level 2. HP: 26/27 MP: 1/1
   841 | D:1      | Reached XP level 3. HP: 24/33 MP: 2/2
  1047 | D:2      | Reached ** piety under Trog
  1137 | D:2      | Noticed Terence
  1143 | D:2      | Killed Terence
  1410 | D:2      | Reached skill level 5 in Axes
  1410 | D:2      | Reached XP level 4. HP: 40/40 MP: 3/3
  1582 | D:2      | Found a runed translucent door.
  1583 | D:2      | Noticed Crazy Yiuf
  1601 | D:2      | Killed Crazy Yiuf
  2101 | D:3      | Found a white marble altar of Elyvilon.
  2512 | D:3      | Found a snail-covered altar of Cheibriados.
  2557 | D:3      | Found a basalt altar of Yredelemnul.
  2569 | D:3      | Found a shimmering blue altar of Sif Muna.
  2572 | D:3      | Found a hazy altar of Hepliaklqana.
  2727 | D:3      | Reached XP level 5. HP: 47/47 MP: 4/4
  2733 | D:3      | Reached *** piety under Trog
  2962 | D:4      | Noticed a phantom
  3004 | D:4      | Killed a phantom
  3004 | D:4      | Reached skill level 5 in Fighting
  3004 | D:4      | Reached skill level 6 in Axes
  3068 | D:4      | Found a shattered altar of Ashenzari.
  3208 | D:4      | Reached XP level 6. HP: 44/56 MP: 5/5
  3333 | D:4      | Found Nothu's Distillery.
  3341 | D:4      | Bought a potion of resistance for 110 gold pieces
  3501 | D:4      | Reached skill level 7 in Axes
  3532 | D:4      | Found Kejokkul's Antique Armour Emporium.
  3546 | D:4      | Noticed Natasha
  3553 | D:4      | Killed Natasha
  3562 | D:4      | Reached skill level 5 in Armour
  3567 | D:4      | Reached XP level 7. HP: 51/62 MP: 6/6
  3670 | D:4      | Noticed Natasha
  3674 | D:4      | Killed Natasha
  3845 | D:4      | Noticed Natasha
  3846 | D:4      | Found a shattered altar of Ashenzari.
  3852 | D:4      | Killed Natasha
  3874 | D:5      | Entered Level 5 of the Dungeon
  3942 | D:5      | Reached skill level 8 in Axes
  4023 | D:5      | Reached **** piety under Trog
  4148 | D:5      | Reached skill level 1 in Shields
  4164 | D:5      | Reached skill level 1 in Evocations
  4378 | D:5      | Reached XP level 8. HP: 57/71 MP: 6/8
  4403 | D:5      | Received a gift from Trog
  4784 | D:5      | Got a crude ring mail
  4795 | D:5      | Identified the +1 ring mail "Ovofe" {rN+ rCorr Dex+3} (You
                  | found it on level 5 of the Dungeon)
  5148 | D:6      | Found Xuisoq's Serpentskin Sales.
  5159 | D:6      | Reached skill level 9 in Axes
  5603 | D:7      | Found a radiant altar of Vehumet.
  5642 | D:7      | Got a steaming flail
  5644 | D:7      | Identified the +4 flail "Kunkeak" {crush, rElec rF++ rC-
                  | MP+9} (You found it on level 7 of the Dungeon)
  5915 | D:7      | Reached XP level 9. HP: 74/79 MP: 10/10
  5937 | D:7      | Found a staircase to the Ecumenical Temple.
  6031 | D:7      | Found Wonec's Assorted Antiques.
  6228 | D:7      | Reached skill level 10 in Axes
  6729 | D:8      | Found Onysanav's Magic Scroll Emporium.
  6732 | D:8      | Bought a scroll of enchant weapon for 105 gold pieces
  6871 | D:8      | Reached ***** piety under Trog
  6972 | D:8      | Found a staircase to the Lair.
  7015 | D:8      | Found a bloodstained altar of Trog.
  7378 | D:9      | Reached skill level 5 in Shields
  7503 | D:9      | Reached skill level 11 in Axes
  7807 | D:9      | Found a sparkling altar of Nemelex Xobeh.
  8267 | D:9      | You fall into a shaft and drop 1 floor!
  8267 | D:10     | Entered Level 10 of the Dungeon
  8305 | D:10     | Killed an unseen horror
  8305 | D:10     | Reached XP level 10. HP: 43/90 MP: 12/12
  9247 | D:10     | Reached skill level 12 in Axes
  9479 | D:10     | Found a staircase to the Orcish Mines.
 10130 | D:11     | Noticed a six-headed hydra
 10142 | D:11     | Killed a six-headed hydra
 10402 | D:11     | Noticed a manticore
 10412 | D:11     | Killed a manticore
 10412 | D:11     | Reached XP level 11. HP: 49/99 MP: 13/13
 10598 | D:11     | Reached skill level 13 in Axes
 10775 | D:11     | Noticed a two-headed ogre
 10792 | D:11     | Killed a two-headed ogre
 10792 | D:11     | Reached skill level 10 in Fighting
 11161 | D:11     | Noticed a red ugly thing
 11199 | D:10     | Killed a red ugly thing
 11304 | D:11     | You fall into a shaft and drop 3 floors!
 11304 | D:14     | Found a shadowy altar of Dithmenos.
 11305 | D:14     | Noticed a centaur warrior
 11309 | D:13     | Noticed an eight-headed hydra
 11322 | D:13     | Killed an eight-headed hydra
 11322 | D:13     | Reached skill level 10 in Armour
 11358 | D:13     | Killed an unseen horror
 11598 | D:13     | Noticed an ogre mage
 11598 | D:13     | Noticed a two-headed ogre
 11599 | D:13     | Noticed a two-headed ogre
 11615 | D:13     | HP: 4/101 [two-headed ogre/+0 giant spiked club (13)]
 11617 | D:13     | Slain by a two-headed ogre

Levels and vault maps discovered:
D:1:      kennysheep_arrival_forest, layout_loops_ring
D:2:      kennysheep_big_flooded_room, layout_basic, uniq_terence,
          uniq_crazy_yiuf_cottage
D:3:      minmay_recursive_quarters, layout_loops_ring,
          grunt_temple_overflow_cloverleaf, first_ration, elyvilon_altar_4
D:4:      layout_gridville, old_standard_altar, serial_shops,
          nicolae_shop_statue_plus, shop, uniq_natasha
D:5:      layout_basic, minmay_diced_spiral
D:6:      layout_basic, guppyfry_shop_venom
D:7:      layout_basic, vehumet_altar_wand_db, temple_pool_b, serial_shops,
          nicolae_shop_overgrown_old_shop
D:8:      layout_rooms, kennysheep_mini, dpeg_oklobed_lair, serial_shops,
          kennysheep_mini_moat
D:9:      layout_roguey, basic_altar, supply_closet_lemuel
D:10:     layout_long_grid, kennysheep_orc_monster_closet_entryway
D:11:     layout_basic
D:13:     layout_irregular_city, lightli_vaults_fourway_checkpoint,
          gauntlet_entry_generic, ebering_ghost_reflecting_pool, basic_altar,
          kennysheep_path_1, xom_teletrap_fun, uniq_maurice
D:14:     layout_roguey, basic_altar, lemuel_statue_altar, onia_ninara_cookie

Skill      XL: |  1  2  3  4  5  6  7  8  9 10 11 |
---------------+----------------------------------+-----
Axes           | 4 5 6 7 8 9 11 12 13 | 13.9
Fighting       | 4 5 6 7 8 9 10 | 10.4
Armour         | 3 4 5 6 8 9 10 | 10.2
Shields        | 1 3 5 7 8 |  8.5
Evocations     | 1 2 4 |  4.0
Dodging        | |  2.1

Action                   |  1- 3 |  4- 6 |  7- 9 | 10-12 || total
-------------------------+-------+-------+-------+-------++-------
Melee: Hand axe          |    62 |    46 |       |       ||   108
       Headbutt          |     9 |    21 |    59 |    51 ||   140
       War axe           |       |    78 |   211 |       ||   289
       Broad axe         |       |       |   118 |   186 ||   304
       Flail             |       |       |       |    12 ||    12
Invok: Berserk           |     1 |       |     1 |     2 ||     4
       Brothers in Arms  |       |       |       |     4 ||     4
  Use: Scroll            |     5 |     6 |    15 |     4 ||    30
 Stab: Invisible         |       |     2 |       |       ||     2
  Eat: Chunk             |     2 |     7 |    13 |    11 ||    33
       Ration            |       |       |     1 |     2 ||     3
Armor: Animal skin       |    16 |       |       |       ||    16
       Ring mail         |     4 |       |       |       ||     4
       Chain mail        |     1 |    80 |   167 |       ||   248
       Plate armour      |       |       |    48 |    95 ||   143
Dodge: Dodged            |    60 |    50 |    97 |    22 ||   229
Block: Shield            |       |       |   148 |       ||   148
       Large shield      |       |       |    18 |   164 ||   182
